 Dungeon Crawl Stone Soup version 0.28.0-43-g3370ac3207 (webtiles) character file.

Game seed: 14326049299013964113

252 pkoi the Gusty (level 5, 0/28 HPs)
             Began as a Deep Elf Air Elementalist on Mar 16, 2022.
             Slain by a black bear (9 damage)
             ... on level 5 of the Dungeon.
             The game lasted 00:03:53 (5338 turns).

pkoi the Gusty (Deep Elf Air Elementalist)          Turns: 5338, Time: 00:03:54

Health: 0/28       AC:  2    Str:  5    XL:     5   Next: 89%
Magic:  7/14       EV: 12    Int: 28    God:
Gold:   147        SH:  0    Dex: 15    Spells: 6/14 levels left

rFire   . . .      SeeInvis .   i - staff of air
rCold   . . .      Faith    .   (no shield)
rNeg    . . .      Spirit   .   a - +0 robe
rPois   .          Reflect  .   (no helmet)
rElec   +          Harm     .   (no cloak)
rCorr   .          Rampage  .   (no gloves)
Will    .....                   (no boots)
Stlth   ++........              (no amulet)
HPRegen 0.09/turn               o - +6 ring of intelligence
MPRegen 0.14/turn               (no ring)

@: no status effects
A: no striking features
a: no special abilities


You were on level 5 of the Dungeon.
You visited 1 branch of the dungeon, and saw 5 of its levels.

You collected 147 gold pieces.

Inventory:

Hand Weapons
 b - a +2 whip of venom
Armour
 a - a +0 robe (worn)
Magical Staves
 i - a staff of air (weapon)
Jewellery
 n - an amulet of faith
 o - a +6 ring of intelligence (left hand)
Scrolls
 e - 2 scrolls of noise {unknown}
 g - a scroll of teleportation {unknown}
 j - 6 scrolls of identify {unknown}
Potions
 c - a potion of brilliance {unknown}
 d - 3 potions of haste {unknown}
 f - a potion of might {unknown}
 h - a potion of attraction {unknown}
 l - a potion of flight {unknown}
 m - 2 potions of heal wounds {unknown}


   Skills:
 - Level 2.4 Dodging
 - Level 2.4 Stealth
 + Level 5.0 Spellcasting
 - Level 1.1 Conjurations
 * Level 5.9 Air Magic


You had 6 spell levels left.
You knew the following spells:

 Your Spells              Type           Power      Damage    Failure   Level
a - Shock                 Conj/Air       100%       1d9       1%          1
b - Swiftness             Air            57%        N/A       1%          3
c - Airstrike             Air            28%        N/A       6%          4

Your spell library contained the following spells:

 Spells                   Type           Power      Damage    Failure   Level
 Static Discharge         Conj/Air       40%        N/A       2%          2


Dungeon Overview and Level Annotations

Branches:
Dungeon (5/15)
 Temple: D:4-7

Altars:
Wu Jian


Message History

Press: ? - help, Q - select action, (/) - cycle Shift-Dir - straight line, f/p - bullfrog skeleton
Aim: a bullfrog skeleton (severely damaged, 91% to hit)
You feel a surge of power!
The zap hits the black bear.
The black bear is moderately wounded.
The zap hits the bullfrog skeleton.
The bullfrog skeleton is almost destroyed.
Aiming: Shock (safe; 1% risk of failure)
Press: ? - help, Q - select action, (/) - cycle Shift-Dir - straight line, p - bullfrog skeleton You feel a surge of power!
The zap hits the black bear.
The black bear is moderately wounded.
The zap hits the black bear.
The black bear is heavily wounded.
The black bear bites you.
* * * LOW HITPOINT WARNING * * *
The black bear claws you.
* * * LOW HITPOINT WARNING * * *
The black bear claws you.
* * * LOW HITPOINT WARNING * * *
Aiming: Shock (safe; 1% risk of failure)
Press: ? - help, Q - select action, (/) - cycle Shift-Dir - straight line You feel a surge of power!
The zap misses the black bear. x2
The zap hits the bullfrog skeleton!
You destroy the bullfrog skeleton!
The black bear closely misses you. x2; The black bear claws you.
* * * LOW HITPOINT WARNING * * *
Your Spellcasting skill increases to level 5!
Aiming: Shock (safe; 1% risk of failure)
Press: ? - help, Q - select action, (/) - cycle Shift-Dir - straight line You feel a surge of power!
The zap hits the black bear!
The black bear is severely wounded.
The zap misses the black bear.
The black bear goes berserk!
Aiming: Shock (safe; 1% risk of failure)
Press: ? - help, Q - select action, (/) - cycle Shift-Dir - straight line You feel a surge of power!
The zap hits the black bear.
The black bear is almost dead.
The zap hits the black bear.
The black bear is almost dead.
The black bear bites you!
You die...

#.............
#...[........
..........#
#...####.#
#...#<##.#
#.....##.#
##.#####.#
#####.#####h#
#.........@.#
#...........#
#...........#
#...........#
#...........#
#...........#
#...........########
#..................#
#..................#


You could see a black bear (berserk).

Vanquished Creatures
  A scorpion (D:4)
  A bullfrog skeleton (D:5)
  3 gnolls (D:3)
  6 adders (D:2)
  An adder skeleton (D:4)
  A worm (D:3)
  4 orcs (D:3)
  4 ball pythons
  8 endoplasms
  5 giant cockroaches
  6 goblins
  3 hobgoblins
  4 jackals (D:1)
  5 kobolds
  4 quokkas
  8 bats
  3 frilled lizards (D:2)
  4 rats
71 creatures vanquished.

Notes
Turn   | Place    | Note
-------+----------+-------------------------------------------
     0 | D:1      | pkoi the Deep Elf Air Elementalist began the quest for the
                  | Orb.
     0 | D:1      | Reached XP level 1. HP: 10/10 MP: 6/6
   240 | D:1      | Reached XP level 2. HP: 15/15 MP: 5/8
  1335 | D:2      | Found an ornate altar of the Wu Jian Council.
  1382 | D:2      | Reached XP level 3. HP: 9/19 MP: 2/9
  1776 | D:2      | Learned a level 3 spell: Swiftness
  2411 | D:2      | Reached XP level 4. HP: 24/24 MP: 7/11
  2547 | D:2      | Learned a level 4 spell: Airstrike
  3341 | D:3      | Reached skill level 5 in Air Magic
  3441 | D:3      | Found a faded altar of an unknown god.
  3563 | D:3      | Reached XP level 5. HP: 28/28 MP: 11/13
  5249 | D:5      | Entered Level 5 of the Dungeon
  5324 | D:5      | Noticed a black bear
  5337 | D:5      | Reached skill level 5 in Spellcasting
  5338 | D:5      | Slain by a black bear

Illustrated notes

Levels and vault maps discovered:
D:1:      lemuel_arrival_muddy, layout_basic, minmay_misc_feat_cross,
          st_stairs_6, chequers_serial_rivers_micro_b
D:2:      layout_basic, basic_altar
D:3:      layout_loops_cross, dreamdust_ecumenical_altar_hidden_monk_grotto,
          corexii_leaking_fountain, dk_noncrumbling_3
D:4:      layout_cave_pods
D:5:      layout_basic

Skill      XL: |  1  2  3  4  5 |
---------------+----------------+-----
Air Magic      | 4 5 |  5.9
Spellcasting   | 4 5 |  5.0
Dodging        | |  2.4
Stealth        | |  2.4
Conjurations   | |  1.1

Action                   |  1- 3 |  4- 6 || total
-------------------------+-------+-------++-------
Melee: Whip              |     5 |       ||     5
       Staff             |       |    11 ||    11
 Cast: Shock             |    69 |    78 ||   147
  Use: Scroll            |       |     2 ||     2
Armor: Robe              |     4 |     2 ||     6
Dodge: Dodged            |    10 |    20 ||    30
